 Dungeon Crawl Stone Soup version 0.29-a0-817-g9904bce7a6 (webtiles) character file.

Game seed: 252813634025148643

21 gobodom the Ruffian (level 2, -1/25 HPs)
             Began as a Palentonga Monk on July 6, 2022.
             Was a Priest of Elyvilon.
             Slain by an adder (2 damage)
             ... on level 2 of the Dungeon.
             The game lasted 00:02:33 (1345 turns).

gobodom the Ruffian (Palentonga Monk)               Turns: 1345, Time: 00:02:33

Health: -1/25      AC:  4    Str: 14    XL:     2   Next: 65%
Magic:  2/2        EV: 10    Int: 10    God:    Elyvilon [***...]
Gold:   49         SH:  0    Dex: 12    Spells: 1/1 levels left

rFire   . . .      SeeInvis +     - Unarmed
rCold   . . .      Faith    .   (no shield)
rNeg    . . .      Spirit   .   a - +0 robe
rPois   .          Reflect  .   (no helmet)
rElec   .          Harm     .   (no cloak)
rCorr   .          Rampage  .   (no gloves)
Will    .....                   (no barding)
Stlth   ++........              (no amulet)
HPRegen 0.08/turn               (no ring)
MPRegen 0.08/turn               (no ring)

@: no status effects
A: large, rugged brown scales 3, see invisible, deformed body, roll 1, armoured
tail
a: Rolling Charge, Renounce Religion, Purification, Heal Other, Heal Self


You were on level 2 of the Dungeon.
You worshipped Elyvilon.
Elyvilon was most pleased with you.
You visited 1 branch of the dungeon, and saw 2 of its levels.

You collected 49 gold pieces.

Inventory:

Hand Weapons
 c - a +2 war axe of venom
Armour
 a - a +0 robe (worn)
Scrolls
 d - 3 scrolls of fear {unknown}
 e - 2 scrolls of identify {unknown}
 f - a scroll of immolation {unknown}
 g - a scroll of teleportation {unknown}
 i - a scroll of enchant weapon {unknown}
 j - a scroll of enchant armour {unknown}
Potions
 b - a potion of ambrosia


   Skills:
 + Level 3.2 Fighting
 + Level 2.7 Dodging
 + Level 1.3 Stealth
 + Level 3.4 Unarmed Combat


You had one spell level left.
You didn't know any spells.
Your spell library contained the following spells:

 Spells                   Type           Power      Damage    Failure   Level
 Scorch                   Fire           0%         2d5       50%         2
 Flame Wave               Conj/Fire      0%         2d4       98%         4
 Summon Cactus Giant      Summ           0%         N/A       100%        6


Dungeon Overview and Level Annotations

Branches:
Dungeon (2/15)

Altars:
Elyvilon


Innate Abilities, Weirdness & Mutations

You are completely covered in rugged brown scales. (AC +3, +7% HP)
You have supernaturally acute eyesight. (SInv)
Armour fits poorly on your strangely shaped body.
You can roll at nearby foes to attack.
You have a long armoured tail.


Message History

The goblin barely misses you.
You barely miss the goblin. The bat hits you but does no damage.
The bat barely misses you. The endoplasm completely misses you.
The goblin hits you with a +0 dagger.
You hit the goblin.
You kill the goblin!
The bat barely misses you. The bat hits you. The endoplasm freezes you.
You are frozen.
You closely miss the bat. The bat hits you but does no damage. x2
The endoplasm closely misses you.
You barely miss the bat. The bat barely misses you. The bat closely misses you.
The endoplasm barely misses you.
You completely miss the rat. You tail-slap the rat.
You kill the rat!
The bat misses you. The bat hits you but does no damage.
The endoplasm freezes you.
You are frozen.
The bat hits you but does no damage. The bat hits you.
The bat hits you but does no damage. The bat closely misses you.
The bat hits you but does no damage. The bat barely misses you.
The endoplasm barely misses you.
Things that are here:
a +0 dagger; a goblin corpse You hit the bat but do no damage.
You punch the bat.
You kill the bat!
The bat hits you. The bat barely misses you.
You hit the adder.
The adder is lightly wounded.
The bat hits you but does no damage. The adder bites you.
The endoplasm freezes you.
You are frozen.
* * * LOW HITPOINT WARNING * * *
The adder bites you but does no damage. The adder attacks as you move away!
The adder closely misses you. The bat misses you. The endoplasm hits you.
* * * LOW HITPOINT WARNING * * *
You see here a +0 robe.
The endoplasm attacks as you move away! The endoplasm closely misses you.
The adder bites you.
You die...

##...##
#..........#
##+##
#####.###### ##
#)# .## #.# ##
..# #.# .. #.#
#.# #. #.# #.#
#|#.#.#########.#
#...)JS@.......#
#$#.#.b##########
#. #..# .. #.##
## ..# ..## .##
#.


You could see an adder, an endoplasm and a bat.

Vanquished Creatures
  A dart slug (D:1)
  An endoplasm (D:1)
  A giant cockroach (D:1)
  3 goblins
  2 hobgoblins
  2 kobolds (D:1)
  2 quokkas (D:1)
  A ball python (D:2)
  3 bats
  2 rats (D:2)
18 creatures vanquished.

Notes
Turn   | Place    | Note
-------+----------+-------------------------------------------
     0 | D:1      | gobodom the Palentonga Monk began the quest for the Orb.
     0 | D:1      | Reached XP level 1. HP: 19/19 MP: 1/1
   339 | D:1      | Found a faded altar of an unknown god.
   369 | D:1      | Prayed at the altar of an unknown god.
   369 | D:1      | Became a worshipper of Elyvilon the Healer
   369 | D:1      | Reached * piety under Elyvilon
   369 | D:1      | Reached ** piety under Elyvilon
   468 | D:1      | Reached XP level 2. HP: 23/25 MP: 2/2
   654 | D:1      | Reached *** piety under Elyvilon
  1343 | D:2      | HP: 1/25 [endoplasm (3)]
  1345 | D:2      | Slain by an adder

Illustrated notes

Levels and vault maps discovered:
D:1:      minmay_arrival_wavy_path, layout_loops_ring,
          shapermc_ecumenical_altar_gd, minmay_crystal_room, dk_noncrumbling_2
D:2:      layout_loops_corners, basic_altar, minmay_box_of_dots, uniq_robin,
          uniq_jessica

Action                   || total
-------------------------++-------
Melee: Unarmed           ||    48
       Tailslap          ||     3
       Punch             ||     1
 Abil: Rolling Charge    ||     5
  Use: Potion            ||     3
 Stab: Sleeping          ||     2
Armor: Robe              ||    20
Dodge: Dodged            ||    34

Table legend: (Time is in decaauts)
 A = Elapsed time spent in this place.
 B = Non-inter-level travel time spent in this place.
 C = Inter-level travel time spent in this place.
 D = Time resting spent in this place.
 E = Time spent auto-exploring this place.
 F = Levels seen in this place.
 G = Mean time per level.
                   A        B        C        D        E       F      G
               +--------+--------+--------+--------+--------+-----+--------+
         Total |   1341 |   1228 |    113 |      0 |   1070 |   2 |  670.5 |
       Dungeon |   1341 |   1228 |    113 |      0 |   1070 |   2 |  670.5 |
               +--------+--------+--------+--------+--------+-----+--------+

Top non-repeatable levels by time:
     D:1: 1213 daAuts
     D:2: 128 daAuts
